 Dungeon Crawl Stone Soup version 0.21.1-1-g345015f (webtiles) character file.

110117 astaringelf the Tortoise (level 16, -21/155 HPs)
             Began as a Minotaur Fighter on June 28, 2018.
             Was the Champion of Makhleb.
             Killed from afar by a frost giant (58 damage)
             ... with a bolt of cold
             ... on level 15 of the Dungeon on June 29, 2018.
             The game lasted 01:45:18 (21312 turns).

astaringelf the Tortoise (Minotaur Fighter)        Turns: 21312, Time: 01:45:19

Health: -21/155    AC: 25    Str: 34    XL:     16   Next: 6%
Magic:  24/24      EV:  9    Int:  8    God:    Makhleb [******]
Gold:   1329       SH:  4    Dex: 15    Spells: 15/15 levels left

rFire    + . .     SeeInvis .   D - +4 battleaxe (freeze)
rCold    x . .     Gourm    .   (shield currently unavailable)
rNeg     + . .     Faith    .   J - +2 plate armour {rPois}
rPois    +         Spirit   .   (helmet restricted)
rElec    +         Reflect  +   F - +2 cloak
rCorr    .         Harm     .   N - +0 pair of gloves
MR       +....                  (no boots)
Stlth    ..........             T - +4 amulet of reflection
HPRegen  0.35/turn              g - ring of the Several Stories {rPois rN+ Dex+4 Stlth+}
MPRegen  0.19/turn              d - ring "Nakhleargh" {rElec rF+ rC- Str+7 Int+3}

@: about to teleport
A: retaliatory headbutt, horns 2
a: Minor Destruction, Lesser Servant of Makhleb, Major Destruction, Greater
Servant of Makhleb, Renounce Religion


You were on level 15 of the Dungeon.
You worshipped Makhleb.
Makhleb was exalted by your worship.
You were not hungry.

You visited 4 branches of the dungeon, and saw 24 of its levels.
You also visited: Sewer and Ice Cave.

You collected 2555 gold pieces.
You spent 1226 gold pieces at shops.

Inventory:

Hand Weapons
 v - a +0 blowgun
 x - the +10 dagger of Sepsotiu {elec, MR+++}
   (You found it in an ice cave)

   Occasionally, upon striking a foe, it will discharge some electrical energy
   and cause terrible harm.
   It affects your resistance to hostile enchantments.
 D - a +4 battleaxe of freezing (weapon)
 L - a +2 shortbow of flaming
Missiles
 l - 10 curare-tipped needles
 w - 118 poisoned needles
 M - 487 arrows
 S - 2 throwing nets (quivered)
Armour
 F - a +2 cloak (worn)
 J - a +2 plate armour of poison resistance (worn)
 N - a +0 pair of gloves (worn)
Jewellery
 b - a +2 ring of protection
 d - the ring "Nakhleargh" (right hand) {rElec rF+ rC- Str+7 Int+3}
   (You bought it in a shop on level 4 of the Dungeon)

   [ring of protection from fire]

   It affects your strength (+7).
   It affects your intelligence (+3).
   It protects you from fire.
   It makes you vulnerable to cold.
   It insulates you from electricity.
 g - the ring of the Several Stories (left hand) {rPois rN+ Dex+4 Stlth+}
   (You found it on level 6 of the Lair of Beasts)

   [ring of positive energy]

   It affects your dexterity (+4).
   It protects you from poison.
   It protects you from negative energy.
   It makes you more stealthy.
 i - an uncursed ring of protection from cold
 o - an uncursed ring of positive energy
 t - a +2 ring of evasion
 E - an uncursed ring of flight
 O - an uncursed ring of protection from cold
 R - a +5 ring of evasion
 T - a +4 amulet of reflection (around neck)
 U - an uncursed ring of protection from fire
 W - the amulet of the Four Winds {rN+ MR+++ Clar}
   (You found it on level 1 of the Lair of Beasts)

   [amulet of nothing]

   It protects you from negative energy.
   It affects your resistance to hostile enchantments.
   It protects you against confusion.
Wands
 a - a wand of flame (35)
 u - a wand of acid (8)
 y - a wand of paralysis (28)
 C - a wand of iceblast (28)
 I - a wand of scattershot (18)
 Q - a wand of polymorph (48)
 V - a wand of clouds (6)
 X - a wand of digging (26)
Scrolls
 e - 11 scrolls of remove curse
 h - 13 scrolls of identify
 j - 2 scrolls of enchant armour
 r - a scroll of blinking
 G - 6 scrolls of teleportation
 H - 3 scrolls of fog
 K - 2 scrolls of magic mapping
 P - a scroll of amnesia
 Y - 2 scrolls of fear
Potions
 k - 6 potions of lignification
 m - 6 potions of brilliance
 n - 5 potions of agility
 p - 2 potions of might
 q - 5 potions of haste
 s - 2 potions of heal wounds
 z - 14 potions of curing
 A - a potion of cancellation
 B - 5 potions of flight
Comestibles
 f - 35 rations


   Skills:
 + Level 17.0 Fighting
 + Level 17.5 Axes
 + Level 18.2 Armour
   Level 3.6 Shields
 + Level 12.0 Invocations


You had 15 spell levels left.
You didn't know any spells.

Dungeon Overview and Level Annotations

Branches:
Dungeon (15/15)            Temple (1/1) D:6            Lair (6/6) D:9
 Shoals (0/4) Lair:3        Snake (0/4) Lair:3        Slime (0/5) Lair:5
    Orc (2/2) D:10            Elf (0/3) Orc:2        Vaults (0/5) D:14
 Depths: D:15

Altars:
Dithmenos
Fedhas
Gozag
Hepliaklqana
Kikubaaqudgha
Makhleb
Nemelex Xobeh
Okawaru
Ru
Trog
Vehumet
Xom
Yredelemnul
Zin
The Shining One
Beogh
Jiyva

Shops:
D:4 =[*   D:8 =   D:14 *   Orc:2 *}}*


Innate Abilities, Weirdness & Mutations

You reflexively headbutt those who attack you in melee.
You have a pair of horns on your head.


Message History

The frost giant freezes your orange demon.
Your neqoxec hits the centaur warrior!
The centaur warrior shoots an arrow.
The arrow hits your orange demon!!
Okay, then.
As you read the scroll of teleportation, it crumbles to dust.
You feel strangely unstable.
Your ufetubus barely misses the centaur warrior.
Your ufetubus hits the centaur warrior but does no damage.
The centaur warrior shoots an arrow.
The arrow hits your orange demon!!
Your orange demon dies!
The frost giant hits you with a battleaxe of freezing.
* * * LOW HITPOINT WARNING * * *
The frost giant freezes you.
* * * LOW HITPOINT WARNING * * *
Your neqoxec gestures.
Your ufetubus hits the centaur warrior but does no damage. x2
Your neqoxec hits the centaur warrior!
The frost giant gestures at you while chanting.
The bolt of cold hits you!
You feel a terrible chill!
You die...

#......########.#.....
#...............#.####
###.............#.# #
#.............#.####
#.............'.....
########.............#.####
#...........########)#.#
#........#.## #)#.####
#......))#@# #)#.....
#.......)#.# #.......
#........#C# ###.....
#........#c# ##.....
#........35. #......
#..........(. #....[.
.............. #......
......###.....# #......
..... #.....# #......


You could see a frost giant, a centaur warrior, a friendly neqoxec and a
friendly ufetubus.

Vanquished Creatures
  Rupert (Lair:4)
  Kirke (Lair:4)
  A frost giant (IceCv)
  Nessos (Orc:2)
  The ghost of Drak the Basher, a journeyman DrAK of Lugonu (D:13)
  A vault guard (D:14)
  4 hydras
  A death knight (D:12)
  3 centaur warriors
  An ogre mage (D:15)
  5 two-headed ogres
  A tengu warrior (D:14)
  9 death yaks
  Nergalle (Lair:4)
  Sonja (D:11)
  3 skeletal warriors (D:9)
  A sea snake (Lair:6)
  2 wizards (D:14)
  10 orc knights
  2 deep elf magi
  A wolf spider zombie (D:15)
  11 ugly things
  4 manticores
  18 elephants
  2 cyclopes
  Maurice (D:8)
  4 black mambas
  2 gargoyles
  The ghost of TotesWizzard the Cleaver, a novice HOBe of Trog (D:4)
  10 spiny frogs
  A molten gargoyle (Lair:4)
  An ice statue (IceCv)
  8 rime drakes
  8 komodo dragons
  A merfolk (D:9)
  A tengu conjurer (D:14)
  4 trolls
  2 hornets (Lair:6)
  3 meliai (D:15)
  Grinder (D:4)
  19 polar bears
  14 blink frogs
  7 dream sheep (Lair:5)
  5 slime creatures
  A vampire (D:9)
  10 hippogriffs
  3 wyverns
  69 yaks
  3 basilisks
  2 hogs (Lair:4)
  Eustachio (D:6)
  19 humans (D:14)
  5 vampire mosquitoes
  A steam dragon (Lair:2)
  3 hungry ghosts (D:10)
  A soldier ant (D:10)
  8 wargs
  2 acid dragons
  10 water moccasins
  15 porcupines
  Duvessa (D:7)
  59 orc warriors
  An ice beast (D:10)
  4 phantoms
  4 sky beasts
  A black bear (D:9)
  2 necrophages
  17 ogres
  20 centaurs
  25 wolves
  14 crocodiles
  Blork the orc (D:6)
  4 big kobolds
  13 bullfrogs
  Dowan (D:7)
  3 scorpions
  10 wights
  7 electric eels
  7 howler monkeys
  3 centaur zombies
  10 crimson imps
  A lava snake (Lair:4)
  4 jellies
  4 bullfrog zombies
  10 hounds
  12 orc priests
  27 orc wizards
  10 centaur skeletons
  2 bullfrog skeletons
  4 iguanas
  Natasha (thrice) (D:2)
  15 worker ants
  3 hound zombies
  A hound skeleton (D:4)
  A howler monkey zombie (D:10)
  A worker ant zombie (D:3)
  20 adders
  6 river rats (Sewer)
  A shadow imp (D:10)
  An adder zombie (D:5)
  6 worms
  A dart slug (D:1)
  5 leopard geckos
  145 orcs
  6 ball pythons
  5 giant cockroaches
  5 hobgoblins
  10 jackals
  45 kobolds
  3 quokkas
  4 bats
  7 frilled lizards
  7 goblins
  A quokka skeleton (D:4)
  24 rats
  7 fungi
  2 plants
948 creatures vanquished.

Vanquished Creatures (collateral kills)
  The ghost of Th3D0c the Fighter, a journeyman MiBe of Trog (D:11)
  Erolcha (D:11)
  A vault guard (D:14)
  A merfolk avatar (Lair:6)
  A wizard (D:14)
  2 oklob plants
  A manticore (Lair:6)
  2 elephants (Lair:4)
  A spiny frog (Lair:6)
  2 rime drakes (Lair:6)
  A polar bear (IceCv)
  2 blink frogs (Lair:6)
  An orc (D:11)
  4 plants
21 creatures vanquished.

Vanquished Creatures (others)
  A skeletal warrior (D:9)
  A human (Lair:5)
  An iguana (D:9)
  A leopard gecko (D:4)
  3 jackals
  A bush (Lair:5)
  2 fungi (Lair:5)
  6 plants
16 creatures vanquished.

Grand Total: 985 creatures vanquished

Notes
Turn   | Place    | Note
-------+----------+-------------------------------------------
     0 | D:1      | astaringelf the Minotaur Fighter began the quest for the Orb.
     0 | D:1      | Reached XP level 1. HP: 19/19 MP: 0/0
   233 | D:1      | Reached XP level 2. HP: 26/26 MP: 1/1
   962 | D:2      | Noticed Natasha
   969 | D:2      | Killed Natasha
   969 | D:2      | Reached XP level 3. HP: 23/31 MP: 2/2
  1037 | D:2      | Noticed Natasha
  1045 | D:2      | Killed Natasha
  1045 | D:2      | Reached skill level 5 in Axes
  1045 | D:2      | Reached XP level 4. HP: 22/39 MP: 3/3
  1480 | D:2      | Noticed Natasha
  1496 | D:2      | Killed Natasha
  1929 | D:3      | Reached XP level 5. HP: 45/45 MP: 4/4
  2460 | D:4      | Noticed Grinder
  2463 | D:4      | Paralysed by Grinder for 3 turns
  2475 | D:4      | Paralysed by Grinder for 5 turns
  2489 | D:4      | Paralysed by Grinder for 2 turns
  2491 | D:4      | Killed Grinder
  2491 | D:4      | Reached XP level 6. HP: 15/51 MP: 5/5
  2528 | D:4      | Found a glowing silver altar of Zin.
  2603 | D:4      | Reached XP level 7. HP: 23/57 MP: 6/6
  2620 | D:4      | Found an ancient bone altar of Kikubaaqudgha.
  2658 | D:4      | Found Qanofri's General Store.
  2663 | D:4      | Bought a scroll of identify for 28 gold pieces
  2663 | D:4      | Bought a potion of haste for 140 gold pieces
  2667 | D:4      | Found Mekkesak's Antique Armour Boutique.
  2700 | D:4      | Found Elikiwno's Jewellery Boutique.
  2729 | D:4      | Found a radiant altar of Vehumet.
  2890 | D:4      | Noticed TotesWizzard's ghost (novice HOBe)
  2908 | D:5      | Entered Level 5 of the Dungeon
  3100 | D:5      | Reached skill level 10 in Axes
  3197 | D:5      | Found a glowing drain.
  3206 | Sewer    | Entered a sewer
  3871 | D:5      | Reached XP level 8. HP: 57/64 MP: 7/7
  3928 | D:5      | Found an opulent altar of Gozag.
  3928 | D:5      | Found a sacrificial altar of Ru.
  3929 | D:5      | Found a bloodstained altar of Trog.
  4204 | D:6      | Found a staircase to the Ecumenical Temple.
  4209 | D:6      | Reached skill level 4 in Armour
  4252 | Temple   | Entered the Ecumenical Temple
  4297 | Temple   | Became a worshipper of Makhleb the Destroyer
  4374 | D:6      | Reached skill level 5 in Armour
  4418 | D:6      | You fall through a shaft for 2 floors!
  4495 | D:7      | Reached skill level 6 in Armour
  4539 | D:7      | Reached skill level 7 in Armour
  4624 | D:7      | Noticed Duvessa
  4624 | D:7      | Noticed Dowan
  4638 | D:7      | Killed Duvessa
  4653 | D:7      | Killed Dowan
  4653 | D:7      | Reached skill level 8 in Armour
  4880 | D:4      | Found a glowing golden altar of the Shining One.
  5120 | D:6      | Reached skill level 9 in Armour
  5160 | D:6      | Noticed Eustachio
  5184 | D:6      | Killed Eustachio
  5184 | D:6      | Reached XP level 9. HP: 30/70 MP: 8/8
  5315 | D:6      | Noticed Blork the orc
  5323 | D:6      | Killed Blork the orc
  5325 | D:6      | Reached * piety under Makhleb
  5418 | D:7      | Reached skill level 10 in Armour
  5945 | D:8      | Reached skill level 11 in Armour
  6092 | D:8      | Found a shadowy altar of Dithmenos.
  6142 | D:8      | Found Xitib's Jewellery Boutique.
  6227 | D:8      | Noticed Maurice
  6245 | D:8      | Killed Maurice
  6245 | D:8      | Reached skill level 12 in Armour
  6769 | D:9      | Found the twisted robe
  6790 | D:9      | Got a twisted robe
  6817 | D:9      | Identified the cursed -5 robe of Misfortune {-Cast *Contam *Tele *Drain EV-5 Stlth-- *Curse} (You found it on level 9 of the Dungeon)
  6943 | D:9      | Found a staircase to the Lair.
  7009 | D:9      | Reached skill level 5 in Fighting
  7019 | D:9      | Reached ** piety under Makhleb
  7062 | D:9      | Noticed a merfolk
  7088 | D:9      | Killed a merfolk
  7088 | D:9      | Reached XP level 10. HP: 29/84 MP: 9/9
  7229 | D:9      | Noticed a skeletal warrior
  7235 | D:9      | Noticed a centaur warrior
  7244 | D:9      | HP: 4/84 [ogre/giant spiked club (10)]
  7250 | D:9      | Killed a skeletal warrior
  7258 | D:9      | Killed a centaur warrior
  7287 | D:9      | Reached skill level 10 in Fighting
  7332 | D:9      | Got a bloodstained leather armour
  7420 | D:9      | Identified the +1 leather armour of the Suburbs {+Fly Dex+4} (You found it on level 9 of the Dungeon)
  7491 | D:9      | Noticed a skeletal warrior
  7497 | D:9      | Noticed a skeletal warrior
  7506 | D:9      | Noticed a skeletal warrior
  7516 | D:9      | Killed a skeletal warrior
  7522 | D:9      | Killed a skeletal warrior
  7528 | D:9      | Killed a skeletal warrior
  7528 | D:9      | Reached skill level 13 in Armour
  7528 | D:9      | Reached XP level 11. HP: 59/101 MP: 10/10
  7625 | D:9      | Found a shimmering altar of Xom.
  7713 | D:10     | Entered Level 10 of the Dungeon
  7724 | D:10     | Reached *** piety under Makhleb
  7745 | D:10     | Reached skill level 1 in Invocations
  7936 | D:10     | Found a staircase to the Orcish Mines.
  8251 | D:4      | Bought the ring "Nakhleargh" {rElec rF+ rC- Str+7 Int+3} for 530 gold pieces
  8315 | D:4      | Killed TotesWizzard's ghost
  8647 | D:10     | Reached **** piety under Makhleb
  8935 | D:10     | Reached ***** piety under Makhleb
  9074 | D:10     | Reached skill level 14 in Armour
  9235 | D:11     | Noticed Erolcha
  9241 | D:11     | Killed Erolcha
  9374 | D:11     | Noticed Sonja
  9419 | D:11     | Killed Sonja
  9419 | D:11     | Reached XP level 12. HP: 27/112 MP: 14/14
  9980 | D:11     | Reached skill level 5 in Invocations
 10024 | D:11     | Noticed Th3D0c's ghost (journeyman MiBe)
 10033 | D:11     | Killed Th3D0c's ghost
 10059 | D:11     | Noticed a two-headed ogre
 10062 | D:11     | Killed a two-headed ogre
 10416 | Orc:1    | Entered Level 1 of the Orcish Mines
 11168 | D:12     | Noticed a death knight
 11258 | Lair:1   | Entered Level 1 of the Lair of Beasts
 11374 | Lair:1   | Reached skill level 15 in Armour
 11451 | Lair:1   | You fall through a shaft!
 11506 | Lair:1   | Reached XP level 13. HP: 122/122 MP: 17/17
 11597 | Lair:1   | Found the amulet of the Four Winds {rN+ MR+++ Clar}
 12881 | Lair:3   | Found a staircase to the Snake Pit.
 13093 | Lair:3   | Got a bloodstained great sword
 13094 | Lair:3   | Identified the +8 great sword of the Insatiable Mice {venom, Str+3} (You found it on level 3 of the Lair of Beasts)
 13175 | Lair:3   | Found a staircase to the Shoals.
 13713 | Lair:4   | Noticed Nergalle
 13725 | Lair:4   | Killed Nergalle
 13970 | Lair:4   | Found a shadowy altar of Dithmenos.
 14343 | Lair:5   | Noticed Kirke
 14343 | Lair:5   | Noticed Rupert
 14353 | Lair:4   | Killed Kirke
 14353 | Lair:4   | Reached skill level 15 in Axes
 14377 | Lair:4   | Killed Rupert
 14377 | Lair:4   | Reached skill level 16 in Armour
 14544 | Lair:5   | Reached XP level 14. HP: 133/133 MP: 19/19
 14557 | Lair:5   | Reached ****** piety under Makhleb
 14599 | Lair:5   | Found a staircase to the Slime Pits.
 14600 | Lair:5   | Found a viscous altar of Jiyva.
 15038 | Lair:6   | Entered Level 6 of the Lair of Beasts
 15056 | Lair:6   | Reached skill level 15 in Fighting
 15459 | Lair:6   | Reached skill level 10 in Invocations
 15557 | Lair:6   | Got a pitted brass ring
 15558 | Lair:6   | Identified the ring of the Several Stories {rPois rN+ Dex+4 Stlth+} (You found it on level 6 of the Lair of Beasts)
 15798 | Lair:6   | Reached skill level 17 in Armour
 16214 | Orc:2    | Entered Level 2 of the Orcish Mines
 16217 | Orc:2    | Found a staircase to the Elven Halls.
 16393 | Orc:2    | Found a frozen archway.
 16402 | IceCv    | Entered an ice cave
 16758 | IceCv    | Reached XP level 15. HP: 143/143 MP: 21/21
 16909 | IceCv    | Noticed a frost giant
 16927 | IceCv    | Killed a frost giant
 16956 | IceCv    | Got an iridescent dagger
 16957 | IceCv    | Identified the +10 dagger of Sepsotiu {elec, MR+++} (You found it in an ice cave)
 17260 | Orc:2    | Noticed Nessos
 17292 | Orc:2    | Killed Nessos
 17911 | Orc:2    | Found a roughly hewn altar of Beogh.
 18075 | Orc:2    | Found Iqarchom's Assorted Antiques.
 18101 | Orc:2    | Bought a potion of curing for 81 gold pieces
 18101 | Orc:2    | Bought a potion of heal wounds for 135 gold pieces
 18105 | Orc:2    | Found Gaobalal's Gadget Shoppe.
 18208 | Orc:2    | Found Burhehi's Gadget Boutique.
 18243 | Orc:2    | Found Ysaxafuq's Assorted Antiques.
 19738 | D:13     | Noticed Drak's ghost (journeyman DrAK)
 19760 | D:13     | Killed Drak's ghost
 20253 | D:14     | Found Ysoeshro's Assorted Antiques.
 20256 | D:14     | Bought a scroll of teleportation for 72 gold pieces
 20256 | D:14     | Bought a potion of haste for 240 gold pieces
 20631 | D:14     | Reached skill level 18 in Armour
 20659 | D:14     | Found a gate to the Vaults.
 20774 | D:15     | Entered Level 15 of the Dungeon
 21074 | D:15     | Reached XP level 16. HP: 123/155 MP: 22/24
 21312 | D:15     | Killed from afar by a frost giant

Skill      XL: |  1  2  3  4  5  6  7  8  9 10 11 12 13 14 15 |
---------------+----------------------------------------------+-----
Axes           | 3 4 5 6 8 9 11 13 14 15 16 17 | 17.5
Armour         | 9 12 13 14 15 16 17 18 | 18.2
Fighting       | 6 10 12 13 14 15 17 | 17.0
Invocations    | 4 7 9 10 12 | 12.0
Shields        | |  3.6

Action                   |  1- 3 |  4- 6 |  7- 9 | 10-12 | 13-15 | 16-18 || total
-------------------------+-------+-------+-------+-------+-------+-------++-------
Melee: War axe           |    75 |   122 |   258 |    26 |       |       ||   481
       Headbutt          |     6 |    19 |    78 |   127 |   251 |    10 ||   491
       Dagger            |       |     6 |       |       |       |       ||     6
       Whip              |       |       |   207 |    96 |    25 |       ||   328
       Battleaxe         |       |       |       |   496 |   974 |    22 ||  1492
 Fire: Blowgun           |       |       |     3 |       |       |       ||     3
Invok: Lesser Servant of |       |       |       |     6 |    23 |     2 ||    31
       Major Destruction |       |       |       |     2 |       |       ||     2
Evoke: Wand              |       |       |     2 |       |       |       ||     2
  Use: Potion            |       |     1 |       |    10 |     2 |     1 ||    14
       Scroll            |       |       |    13 |    18 |     6 |     1 ||    38
 Stab: Invisible         |       |       |       |     9 |       |       ||     9
       Distracted        |       |       |       |       |     3 |       ||     3
  Eat: Chunk             |     1 |     4 |    12 |    18 |    31 |     1 ||    67
       Ration            |       |       |     1 |     1 |       |       ||     2
Armor: Scale mail        |    33 |    47 |    51 |       |       |       ||   131
       Skin              |       |     2 |       |       |       |       ||     2
       Plate armour      |       |       |   136 |   456 |   686 |     6 ||  1284
Dodge: Dodged            |    15 |    24 |    99 |   281 |   535 |     5 ||   959
Block: Shield            |    29 |    63 |   185 |    76 |       |       ||   353
       Other             |       |       |       |       |    11 |     3 ||    14
       Reflection        |       |       |       |       |     1 |       ||     1
